 Dungeon Crawl Stone Soup version 0.23-a0-512-g50a8178 (webtiles) character file.

56 theanonym the Cudgeler (level 3, -8/28 HPs)
             Began as a Mummy Warper on Dec 4, 2018.
             Was an Initiate of Makhleb.
             Mangled by a crimson imp
             ... wielding a +0 dagger of chaos
              (13 damage)
             ... on level 3 of the Dungeon.
             The game lasted 00:01:42 (1807 turns).

theanonym the Cudgeler (Mummy Warper)               Turns: 1807, Time: 00:01:43

Health: -8/28      AC:  8    Str: 15    XL:     3   Next: 71%
Magic:  7/7        EV:  6    Int: 12    God:    Makhleb [......]
Gold:   76         SH:  0    Dex: 11    Spells: 7/7 levels left

rFire    x . .     SeeInvis .   d - +0 flail
rCold    + . .     Gourm    .   (no shield)
rNeg     + + +     Faith    .   j - +0 chain mail
rPois    ∞         Spirit   .   (no helmet)
rElec    .         Reflect  .   (no cloak)
rCorr    .         Harm     .   (no gloves)
MR       .....                  (no boots)
Stlth    ..........             (no amulet)
HPRegen  0.09/turn              (no ring)
MPRegen  0.10/turn              (no ring)

@: no status effects
A: no food or potions, fire vulnerability, cold resistance 1, negative energy
resistance 3, torment resistance, unbreathing
a: Renounce Religion


Innate Abilities, Weirdness & Mutations

You do not eat or drink.
Your flesh is vulnerable to fire.
You are immune to poison.
Your flesh is cold resistant. (rC+)
You are immune to negative energy. (rN+++)
You are immune to unholy pain and torment.
You can survive without breathing.


   Skills:
 + Level 2.8 Fighting
 * Level 2.9 Maces & Flails
 - Level 0.7 Throwing
 - Level 0.7 Armour
 - Level 1.5 Dodging
 - Level 2.6 Spellcasting
   Level 2.4 Translocations


You had 7 spell levels left.
You didn't know any spells.
Your spell library contained the following spells:

 Spells                   Type           Power        Failure   Level  Hunger
 Blink                    Tloc           N/A          98%         2    N/A
 Shroud of Golubria       Chrm/Tloc      #.........   99%         2    N/A
 Gell's Gravitas          Tloc           #.........   100%        3    N/A
 Lesser Beckoning         Tloc           #.........   100%        3    N/A
 Teleport Other           Tloc           #.......     100%        3    N/A
 Passage of Golubria      Tloc           N/A          100%        4    N/A

Skill      XL: |  1 |
---------------+----+-----
Maces & Flails | 2 |  2.9
Fighting       | |  2.8
Throwing       | |  0.7
Armour         | |  0.7
Dodging        | |  1.5
Spellcasting   | |  2.6
Translocations | |  2.4

Action                   || total
-------------------------++-------
Melee: Mace              ||    61
       Flail             ||   100
Throw: Tomahawk          ||     2
Armor: Leather armour    ||    29
       Chain mail        ||    51
       Ring mail         ||    11
Dodge: Dodged            ||   117

Inventory:

Hand Weapons
 a - a +0 mace
 d - a +0 flail (weapon)
   (You took it off a gnoll on level 1 of the Dungeon)
Missiles
 e - 3 tomahawks of dispersal (quivered)
 k - 7 tomahawks
Armour
 b - a +0 leather armour
 g - a +0 ring mail
   (You found it on level 1 of the Dungeon)
 j - a +0 chain mail (worn)
   (You found it on level 2 of the Dungeon)
Scrolls
 c - 2 scrolls of enchant armour {unknown}
 f - 2 scrolls of enchant weapon {unknown}
 h - 2 scrolls of remove curse {unknown}
 i - a scroll of identify {unknown}
 l - a scroll of fog {unknown}
 m - a scroll of fear {unknown}
 B - a scroll of blinking


You were on level 3 of the Dungeon.
You worshipped Makhleb.
Makhleb was noncommittal.
You were not hungry.

You visited 1 branch of the dungeon, and saw 3 of its levels.

You collected 76 gold pieces.

Dungeon Overview and Level Annotations

Branches:
Dungeon (3/15)

Altars:
Makhleb
Xom

... #####.# .... #.....#
?.########.#####...
...................
#.########<##....#. #
#.# ###....#.##
#.##.######....###.#
#.....5@....#.####.###.
#..#.#####..............
.....#.# #.##...........
. #.#.# #.##.........#
#.#.# #.#.........#
#.#.#######.........#
#.#...#.._#.........#
#.#...'...##........#
#.#..##.._##......).#


You could see a crimson imp.

Notes
Turn   | Place    | Note
-------+----------+-------------------------------------------
     0 | D:1      | theanonym the Mummy Warper began the quest for the Orb.
     0 | D:1      | Reached XP level 1. HP: 16/16 MP: 4/4
    10 | D:1      | HP: 8/16 [giant cockroach (1)]
   273 | D:1      | Reached skill level 2 in Maces & Flails
   275 | D:1      | HP: 7/16 [hobgoblin (3)]
   278 | D:1      | Reached XP level 2. HP: 10/22 MP: 5/5
   492 | D:1      | HP: 10/22 [jackal (2)]
   498 | D:1      | HP: 4/22 [jackal (1)]
   823 | D:1      | Reached XP level 3. HP: 23/28 MP: 7/7
  1772 | D:3      | Found a burning altar of Makhleb.
  1772 | D:3      | Found a shimmering altar of Xom.
  1781 | D:3      | Became a worshipper of Makhleb the Destroyer
  1784 | D:3      | HP: 9/28 [crimson imp/+0 dagger of chaos (13)]
  1794 | D:3      | HP: 4/28 [crimson imp/+0 dagger of chaos (4)]
  1807 | D:3      | Mangled by a crimson imp

Vanquished Creatures
  A gnoll (D:1)
  2 dart slugs (D:2)
  A leopard gecko (D:3)
  A ball python (D:1)
  4 bats
  A giant cockroach (D:1)
  6 goblins
  2 hobgoblins (D:1)
  6 jackals
  2 quokkas (D:2)
  2 frilled lizards (D:1)
  5 kobolds
  5 rats
38 creatures vanquished.

Table legend:
 A = Turns spent in this place as a percentage of turns spent in the entire game.
 B = Non-inter-level travel turns spent in this place as a percentage of non-inter-level travel turns spent in the entire game.
 C = Inter-level travel turns spent in this place as a percentage of turns spent in this place.
 D = Turns resting spent in this place as a percentage of non-inter-level travel turns spent in this place.
 E = Turns spent auto-exploring this place as a percentage of non-inter-level travel turns spent in this place.
 F = Non-inter-level travel turns spent in this place divided by the number of levels of this place that you've seen.
                   A       B       C       D       E      F
               +-------+-------+-------+-------+-------+----------------------
         Total | 100.0 | 100.0 |   2.3 |  36.1 |  45.8 | 588.3
       Dungeon | 100.0 | 100.0 |   2.3 |  36.1 |  45.8 | 588.3
               +-------+-------+-------+-------+-------+----------------------
